AoeStats
← Moctezama

African Clearing

510737666Analyzed
4v4 RM · 1d ago on Oct 2, 2026· 49m 59s· 8 players
Game mode
Random Map
Map size
Large (8 player)
Population
200
Speed
Normal
Resources
Standard
Victory
Conquest
Starting age
Dark Age
Ending age
Imperial Age
RankedLock teamsTeams togetherTeam positionsShared explorationLock speedFull tech treeHidden civsTurbo modeCheats
Victory
Defeat
🇦🇺 Poles · Australia
1562
+12
🇲🇽 Byzantines · Mexico
1462
+16
🇦🇺 Huns · Australia
1462
+16
🇦🇺 Slavs · Australia
1410
+20
🇨🇳 Khmer · China
1542
-19
🇨🇳 Bulgarians · China
1471
-16
🇨🇳 Japanese · China
1470
-16
🇹🇷 Gurjaras · Türkiye
1408
-13
Moctezama
12:58 Feudal Age
11:16 Loom
13:38 Feudal Age
16:16 Forging
16:46 Scale Barding Armor
18:54 Castle Age
25:04 Double-Bit Axe
26:41 Wheelbarrow
28:45 Fletching
30:54 Bow Saw
33:56 Imperial Age
34:38 Hand Cart
35:12 Conscription
34:28 Heavy Camel Rider
38:06 Scale Barding Armor
38:36 Iron Casting
39:50 Chain Barding Armor
46:53 Gold Mining
47:57 Scale Mail Armor
Phenytoin
12:30 Feudal Age
11:02 Loom
12:47 Feudal Age
14:02 Double-Bit Axe
16:49 Castle Age
14:57 Horse Collar
19:16 Bow Saw
22:44 Heavy Plow
26:04 Wheelbarrow
26:37 Szlachta Privileges
26:47 Scale Barding Armor
26:53 Forging
26:52 Gold Mining
26:54 Stone Mining
31:07 Imperial Age
28:57 Bloodlines
28:47 Husbandry
30:23 Chain Barding Armor
30:29 Forging
31:07 Hand Cart
32:43 Iron Casting
31:29 Cavalier
32:34 Fletching
37:12 Blast Furnace
39:51 Caravan
40:09 Bodkin Arrow
41:03 Conscription
41:21 Hoardings
40:50 Light Cavalry
41:32 Bracer
44:50 Stone Shaft Mining
46:41 Ballistics
Celeborn
4:36 Loom
13:30 Feudal Age
17:16 Castle Age
17:07 Double-Bit Axe
17:06 Horse Collar
18:27 Bow Saw
18:16 Town Watch
19:26 Fletching
21:55 Wheelbarrow
22:38 Wheelbarrow
24:05 Scale Barding Armor
28:16 Heavy Plow
32:26 Bodkin Arrow
34:26 Forging
34:35 Detinets
37:36 Masonry
37:22 Murder Holes
37:48 Ballistics
41:24 Imperial Age
39:20 Hand Cart
39:26 Pikeman
40:07 Squires
41:08 Fortified Wall
41:04 Scale Mail Armor
41:15 Forging
41:23 Gold Mining
41:26 Stone Mining
41:30 Halberdier
42:27 Chain Mail Armor
42:34 Conscription
43:16 Two-Man Saw
42:54 Crop Rotation
43:01 Druzhina
42:27 Man-at-Arms
43:44 Iron Casting
45:37 Chemistry
45:10 Plate Mail Armor
44:03 Long Swordsman
45:22 Hoardings
46:33 Gold Shaft Mining
46:51 Town Patrol
46:35 Two-Handed Swordsman
47:38 Chain Barding Armor
48:18 Blast Furnace
47:28 Siege Engineers
47:28 Champion
49:20 Plate Barding Armor
48:46 Padded Archer Armor
itodler
7:57 Loom
8:12 Loom
9:31 Loom
13:41 Feudal Age
17:14 Castle Age
15:49 Double-Bit Axe
18:41 Bow Saw
21:42 Fletching
22:34 Bodkin Arrow
24:28 Padded Archer Armor
26:43 Leather Archer Armor
27:03 Ballistics
27:27 Bloodlines
27:17 Husbandry
30:52 Horse Collar
32:28 Thumb Ring
35:37 Imperial Age
36:26 Bracer
37:31 Chemistry
36:25 Heavy Cavalry Archer
38:29 Parthian Tactics
44:55 Coinage
44:36 Guilds
46:32 Banking
47:16 Conscription
49:54 Heavy Plow
49:25 Cavalier
愿随心
10:28 Loom
12:38 Feudal Age
13:32 Double-Bit Axe
19:37 Castle Age
19:52 Horse Collar
22:53 Wheelbarrow
26:51 Gold Mining
33:04 Hand Cart
36:20 Imperial Age
36:31 Imperial Age
34:32 Bow Saw
40:00 Gold Shaft Mining
42:35 Heavy Plow
42:06 Pikeman
42:53 Halberdier
44:08 Scale Mail Armor
45:50 Forging
47:30 Crop Rotation
47:31 Chain Mail Armor
47:27 Arson
49:49 Iron Casting
Ramiz Dayı
6:04 Loom
13:26 Feudal Age
16:40 Fletching
16:48 Double-Bit Axe
21:31 Horse Collar
23:44 Wheelbarrow
26:46 Castle Age
27:45 Bodkin Arrow
28:18 Heavy Plow
29:52 Ballistics
30:13 Padded Archer Armor
34:34 Hand Cart
35:55 Bow Saw
XHK
5:52 Loom
13:46 Feudal Age
14:50 Double-Bit Axe
16:36 Horse Collar
19:10 Castle Age
19:15 Scale Barding Armor
20:39 Bow Saw
20:56 Chain Barding Armor
22:13 Wheelbarrow
25:13 Town Watch
31:55 Imperial Age
30:15 Forging
30:11 Stirrups
30:28 Heavy Plow
31:40 Iron Casting
30:57 Gold Mining
31:25 Bloodlines
31:16 Husbandry
32:03 Cavalier
33:20 Plate Barding Armor
33:08 Conscription
38:12 Hand Cart
39:13 Blast Furnace
45:38 Gold Shaft Mining
菜菜
10:19 Loom
13:09 Feudal Age
18:07 Castle Age
16:02 Double-Bit Axe
16:29 Horse Collar
18:01 Gold Mining
18:46 Forging
19:22 Bow Saw
20:23 Fletching
24:17 Wheelbarrow
24:43 Bodkin Arrow
27:56 Hand Cart
28:09 Heavy Plow
30:46 Stone Mining
31:33 Gold Shaft Mining
31:42 Gold Shaft Mining
31:32 Bloodlines
31:25 Husbandry
32:23 Padded Archer Armor
35:27 Imperial Age
33:15 Thumb Ring
33:38 Town Watch
34:44 Leather Archer Armor
35:42 Ballistics
35:28 Scale Mail Armor
35:32 Heavy Cavalry Archer
36:38 Parthian Tactics
37:25 Chemistry
36:50 Bracer
37:38 Forging
37:30 Pikeman
39:33 Ring Archer Armor
40:35 Conscription
40:58 Halberdier
41:39 Squires
41:55 Chain Mail Armor
41:51 Forging
41:56 Masonry
47:47 Plate Mail Armor
47:45 Elite Skirmisher
49:24 Iron Casting
50:42 Two-Man Saw
Connection lost

Rejoining the realm…

Still unreachable

The connection could not be restored.

Session expired

The server has moved on; the page needs a fresh start.